 Dungeon Crawl Stone Soup version 0.31-a0-217-g58bb5d79cf (webtiles) character file.

Game seed: 1409989694834943187

843 qw the Chopper (level 8, -2/49 HPs)
             Began as a Gargoyle Fighter on July 2, 2023.
             Was an Initiate of Okawaru.
             Slain by Duvessa
             ... wielding a +1 short sword of speed
              (10 damage)
             ... on level 4 of the Dungeon.
             The game lasted 00:02:01 (3356 turns).

qw the Chopper (Gargoyle Fighter)                   Turns: 3356, Time: 00:02:02

Health: -2/49      AC: 14    Str: 21    XL:     8   Next: 0%
Magic:  8/8        EV:  9    Int: 10    God:    Okawaru [......]
Gold:   108        SH:  4    Dex:  9    Spells: 7/7 levels left

rFire   . . .        Y - +2 war axe
rCold   . . .        c - +0 buckler
rNeg    + . .        b - +0 scale mail
rPois   inf          g - +2 hat
rElec   +            (no cloak)
rCorr   .            (no gloves)
SInv    .            (no boots)
Will    .....        e - amulet of regeneration Stlth
                     (no ring)
HPRegen 1.08/turn    (no ring)
MPRegen 0.11/turn

%: no passive effects
@: no status effects
A: sickness immunity, AC +5, negative energy resistance 1, electricity
resistance, torment resistance 1, petrification resistance
a: Renounce Religion


You were on level 4 of the Dungeon.
You worshipped Okawaru.
Okawaru was noncommittal.
You visited 2 branches of the dungeon, and saw 5 of its levels.

You collected 150 gold pieces.
You spent 42 gold pieces at shops.


Innate Abilities, Weirdness & Mutations

You are immune to sickness and miasma.
Your stone body is resilient. (AC +5)
You are immune to poison.
You resist negative energy. (rN+)
You are resistant to electric shocks. (rElec)
You are resistant to unholy torment.
You are immune to petrification.


   Skills:
 - Level 5.3 Fighting
 + Level 7.0 Axes
 - Level 1.3 Throwing
 - Level 3.2 Armour
 - Level 1.0 Dodging
 - Level 3.2 Shields
 - Level 0.4 Invocations


You had 7 spell levels left.
You didn't know any spells.
Your spell library was empty.

Inventory:

Hand Weapons
 f - a +0 flail of draining
 i - a +0 mace
 Y - a +2 war axe (weapon)
Missiles
 k - 3 boomerangs (quivered)
Armour
 b - a +0 scale mail (worn)
 c - a +0 buckler (worn)
 g - a +2 hat (worn)
Jewellery
 e - an amulet of regeneration (around neck)
Scrolls
 n - a scroll of identify
Potions
 a - 3 potions of curing
 d - a potion of might
 h - a potion of magic
 j - a potion of cancellation {unknown}
 l - a potion of degeneration {unknown}
 m - a potion of heal wounds {unknown}
 q - a potion of enlightenment {unknown}

Dungeon Overview and Level Annotations

Branches:
Dungeon (4/15)             Temple (1/1) D:4

Altars:
Ashenzari
Elyvilon
Fedhas
Gozag
Hepliaklqana
Kikubaaqudgha
Makhleb
Okawaru
Qazlal
Ru
Sif Muna
Trog
Uskayaw
Vehumet
Wu Jian
Xom
Yredelemnul
Zin
The Shining One

Shops:
D:3 !?

Annotations:
D:4 Duvessa


Message History

You throw a boomerang. The boomerang closely misses Duvessa.
Duvessa hits you with a +1 short sword of speed.
You barely miss Duvessa.
Duvessa is lightly wounded.
Duvessa hits you but does no damage. You block Duvessa's attack.
Duvessa closely misses you.
You slash Duvessa!
Duvessa is moderately wounded.
Duvessa closely misses you.
Duvessa hits you with a +1 short sword of speed.
An endoplasm comes into view.
The endoplasm quivers.
You slash Duvessa!
Duvessa is moderately wounded.
Duvessa hits you with a +1 short sword of speed.
Duvessa hits you but does no damage. Duvessa barely misses you.
You hit Duvessa but do no damage.
Duvessa is moderately wounded.
Duvessa hits you with a +1 short sword of speed.
Duvessa hits you with a +1 short sword of speed!
You closely miss Duvessa.
Duvessa is moderately wounded.
You block Duvessa's attack. Duvessa closely misses you.
Duvessa hits you but does no damage.
You hit Duvessa.
Duvessa is heavily wounded.
Duvessa hits you with a +1 short sword of speed!
You block Duvessa's attack. Duvessa hits you but does no damage.
You hit Duvessa but do no damage.
Duvessa is heavily wounded.
You block Duvessa's attack. Duvessa barely misses you.
You closely miss Duvessa.
Duvessa is heavily wounded.
You hit the endoplasm.
Duvessa hits you with a +1 short sword of speed.
Duvessa hits you with a +1 short sword of speed!
The endoplasm freezes you.
You are frozen.
Duvessa hits you with a +1 short sword of speed!
You die...

. .. ...# #########
............##
...#..######..#### ####
......e@.).##....## #...
......J.##...###..# #.##
........####....#.###.##
....(...# ####.........
........# ###.##.###
........# #..#.#
......... ##...# #
...###.#. ###..### # #.
######......(


You could see Duvessa (berserk) and an endoplasm.

Vanquished Creatures
  Sigmund (D:2)
  Eustachio (D:4)
  A black bear (D:4)
  A phantom (D:4)
  Dowan (D:4)
  An orc priest (D:4)
  Jessica (D:3)
  Ijyb (D:4)
  Terence (D:2)
  A sleepcap (D:3)
  4 gnolls (D:3)
  5 adders
  3 ufetubi (D:4)
  2 dart slugs (D:2)
  6 orcs
  11 endoplasms
  2 giant cockroaches
  13 goblins
  3 hobgoblins
  8 jackals
  A quokka (D:4)
  7 ball pythons
  7 bats
  5 frilled lizards
  7 kobolds
  6 rats
100 creatures vanquished.

Notes
Turn   | Place    | Note
-------+----------+-------------------------------------------
     0 | D:1      | qw the Gargoyle Fighter began the quest for the Orb.
     0 | D:1      | Reached XP level 1. HP: 14/14 MP: 1/1
     0 | D:1      | 0 ||| qw: Version: 0.3-a-40-ge99b1a8
     0 | D:1      | 0 ||| qw: Game counter: 154
     0 | D:1      | 0 ||| qw: Melee chars always use a shield: true
     0 | D:1      | 0 ||| qw: God list: Okawaru
     0 | D:1      | 0 ||| qw: Allow faded altars: false
     0 | D:1      | 0 ||| qw: Do Orc after clearing Dungeon:15 true
     0 | D:1      | 0 ||| qw: Do second Lair branch before Depths: true
     0 | D:1      | 0 ||| qw: Lair rune preference: random
     0 | D:1      | 0 ||| qw: Goals: Normal, Zot:1-4, Slime:5, God:TSO, Crypt,
                  | Tomb, Abyss, Pan, Hells, Win
     0 | D:1      | 0 ||| PLANNING D:1-11
    41 | D:1      | Reached skill level 2 in Axes
    99 | D:1      | Reached XP level 2. HP: 19/19 MP: 2/2
   174 | D:1      | Found a faded altar of an unknown god.
   372 | D:1      | Reached skill level 3 in Axes
   432 | D:1      | Reached XP level 3. HP: 23/23 MP: 3/3
   681 | D:1      | 681 ||| DROPPING +0 whip.
   852 | D:1      | 852 ||| UPGRADING to +2 hat.
   857 | D:1      | 857 ||| READING scroll labelled WAIHAISHRO JAEMM.
   858 | D:1      | 858 ||| READING scroll labelled GICZISTR TUTI.
   859 | D:1      | 859 ||| READING scroll labelled EXTI BUXANUA.
   968 | D:2      | 968 ||| Stepping ~*~*~tactically~*~*~ (stealth).
   969 | D:2      | 969 ||| Stepping ~*~*~tactically~*~*~ (stealth).
   981 | D:2      | 981 ||| Stepping ~*~*~tactically~*~*~ (hiding).
   989 | D:2      | Reached XP level 4. HP: 28/28 MP: 4/4
   990 | D:2      | 990 ||| Stepping ~*~*~tactically~*~*~ (hiding).
   991 | D:2      | 991 ||| Stepping ~*~*~tactically~*~*~ (hiding).
   992 | D:2      | 992 ||| Stepping ~*~*~tactically~*~*~ (hiding).
  1017 | D:2      | Noticed Terence
  1037 | D:2      | Killed Terence
  1038 | D:2      | Reached skill level 4 in Axes
  1234 | D:2      | Noticed Sigmund
  1235 | D:2      | 1235 ||| Stepping ~*~*~tactically~*~*~ (hiding).
  1248 | D:2      | Killed Sigmund
  1249 | D:2      | Reached skill level 5 in Axes
  1249 | D:2      | Reached XP level 5. HP: 26/32 MP: 5/5
  1249 | D:2      | Reached XP level 6. HP: 30/37 MP: 6/6
  1327 | D:2      | 1327 ||| Stepping ~*~*~tactically~*~*~ (hiding).
  1329 | D:2      | 1329 ||| Stepping ~*~*~tactically~*~*~ (hiding).
  1817 | D:2      | 1817 ||| UPGRADING to amulet of regeneration.
  1822 | D:2      | 1822 ||| READING scroll labelled DUITTO UGETS.
  1823 | D:2      | 1823 ||| READING scroll labelled WIROPT USIKA.
  1943 | D:3      | 1943 ||| Stepping ~*~*~tactically~*~*~ (hiding).
  2091 | D:3      | Found Guolotul's Distillery.
  2112 | D:3      | 2112 ||| BUYING potion of curing (42 gold).
  2112 | D:3      | Bought a potion of curing for 42 gold pieces
  2112 | D:3      | 2112 ||| SHOPLISTING potion of curing (42 gold, have 2).
  2112 | D:3      | 2112 ||| SHOPLISTING potion of mutation (112 gold, have 2).
  2154 | D:3      | Reached skill level 1 in Dodging
  2182 | D:3      | 2182 ||| Stepping ~*~*~tactically~*~*~ (stealth).
  2253 | D:3      | Found Miusm's Magic Scroll Boutique.
  2259 | D:3      | 2259 ||| SHOPLISTING scroll of identify (28 gold, have 11).
  2259 | D:3      | 2259 ||| SHOPLISTING scroll of teleportation (42 gold, have
                  | 11).
  2287 | D:3      | 2287 ||| READING scroll of enchant weapon.
  2287 | D:3      | 2287 ||| ENCHANTING +1 war axe.
  2451 | D:3      | Noticed Jessica
  2457 | D:3      | Killed Jessica
  2553 | D:3      | Found a hide-covered altar of Uskayaw.
  2599 | D:3      | 2599 ||| DROPPING ring of magical power.
  2600 | D:3      | 2600 ||| READING scroll labelled OPOEFEO UNATRA.
  2607 | D:3      | 2607 ||| READING scroll labelled CEAMAS HASH.
  2610 | D:3      | 2610 ||| READING 2 scrolls of identify.
  2610 | D:3      | 2610 ||| IDENTIFYING sedimented coppery potion
  2711 | D:4      | Noticed Ijyb
  2721 | D:4      | Killed Ijyb
  2722 | D:4      | Reached skill level 6 in Axes
  2801 | D:4      | Reached XP level 7. HP: 41/43 MP: 7/7
  2803 | D:4      | Found a staircase to the Ecumenical Temple.
  2804 | D:4      | 2804 ||| PLANNING TEMPLE
  2810 | Temple   | Entered the Ecumenical Temple
  2811 | Temple   | 2811 ||| PLANNING OKAWARU WORSHIP
  2891 | Temple   | Became a worshipper of Warmaster Okawaru
  2892 | Temple   | 2892 ||| PLANNING D:1-11
  2957 | D:4      | Reached skill level 7 in Axes
  2982 | D:4      | Noticed Eustachio
  3003 | D:4      | Killed Eustachio
  3003 | D:4      | Reached * piety under Okawaru
  3308 | D:4      | Noticed Dowan
  3309 | D:4      | 3309 ||| FLEEEEING.
  3313 | D:4      | 3313 ||| INVOKING Heroism.
  3321 | D:4      | Killed Dowan
  3322 | D:4      | Reached skill level 1 in Throwing
  3322 | D:4      | Reached XP level 8. HP: 47/49 MP: 5/8
  3345 | D:4      | Noticed Duvessa
  3356 | D:4      | HP: 8/49 [frozen (5)]
  3356 | D:4      | Slain by Duvessa

Levels and vault maps discovered:
D:1:      lemuel_arrival_rhombus, layout_loops_ring,
          ebering_ecumenical_altar_ruins
D:2:      layout_loops_ring, nicolae_kite_square_tiling_tiny,
          minmay_tetromino_i2, uniq_terence, uniq_sigmund
D:3:      layout_loops_ring, mainiacjoe_overflow_alcove_2, serial_shops,
          nicolae_shop_stone, nicolae_shop_tiny_glass, uniq_jessica
D:4:      layout_rooms, minmay_temple_entry_tees, minmay_parallelograms,
          kennysheep_generic_room_11, uniq_duvessa, uniq_eustachio, uniq_ijyb
Temple:   dpeg_three_leaves_temple

Skill      XL: |  1  2  3  4  5  6  7 |
---------------+----------------------+-----
Axes           | 2 3 5 6 7 |  7.0
Fighting       | 4 5 |  5.3
Dodging        | 1 |  1.0
Throwing       | 1 |  1.3
Armour         | |  3.2
Shields        | |  3.2
Invocations    | |  0.4

Action                     |  1- 3 |  4- 6 |  7- 9 || total
---------------------------+-------+-------+-------++-------
  Melee: War axe           |   100 |   156 |    59 ||   315
  Throw: Boomerang         |       |     5 |    24 ||    29
 Invoke: Heroism           |       |       |     1 ||     1
    Use: Scroll            |     3 |     6 |       ||     9
 Armour: Scale mail        |    44 |    72 |    45 ||   161
  Dodge: Dodged            |    40 |    60 |    42 ||   142
  Block: Buckler           |    14 |    22 |     5 ||    41

Table legend:
 A = Non-vault XP
 B = Vault XP
 C = Vault XP percentage of total XP
 D = Non-vault monster count
 E = Vault monster count
 F = Vault count percentage of total count
                 A         B        C        D         E       F
            +---------+---------+-------+---------+---------+-------
      Total |     603 |     602 |  50.0 |      93 |       7 |   7.0
            +---------+---------+-------+---------+---------+-------
        D:1 |      51 |       0 |   0.0 |      31 |       0 |   0.0
        D:2 |      77 |     260 |  77.2 |      23 |       3 |  11.5
        D:3 |     120 |      37 |  23.6 |      20 |       1 |   4.8
        D:4 |     355 |     305 |  46.2 |      19 |       3 |  13.6
            +---------+---------+-------+---------+---------+-------
